 Dungeon Crawl Stone Soup version 0.27-a0-1006-g1fd4cec11e (webtiles) character file.

Game seed: 4803833116171410460

770 siradein the Skirmisher (level 7, 0/57 HPs)
             Began as a Demonspawn Artificer on Apr 18, 2021.
             Asphyxiated
             ... on level 4 of the Dungeon.
             The game lasted 00:10:54 (7445 turns).

siradein the Skirmisher (Demonspawn Artificer)      Turns: 7445, Time: 00:10:55

Health: 0/57       AC: 18    Str: 13    XL:     7   Next: 52%
Magic:  7/7        EV:  6    Int: 12    God:
Gold:   287        SH:  0    Dex: 15    Spells: 6/6 levels left

rFire    . . .     SeeInvis .   w - +2 whip (elec)
rCold    . . .     Faith    +   (no shield)
rNeg     . . .     Spirit   .   s - +0 chain mail
rPois    .         Reflect  .   (helmet restricted)
rElec    .         Harm     .   (no cloak)
rCorr    .         Rampage  +   (no gloves)
Will     .....                  u - +2 pair of boots {rampage}
Stlth    ..........             n - amulet of faith
HPRegen  0.19/turn              b - +4 ring of protection
MPRegen  0.10/turn              (no ring)

@: lethally poisoned (0 -> -15), slowed, very slow
A: antennae 1, thin metallic scales 2
a: no special abilities


You were on level 4 of the Dungeon.
You visited 1 branch of the dungeon, and saw 4 of its levels.

You collected 287 gold pieces.

Inventory:

Hand Weapons
 q - a +2 flail of protection
 v - a +1 whip of venom
 w - a +2 whip of electrocution (weapon)
Missiles
 p - 23 poisoned darts
Armour
 s - a +0 chain mail (worn)
 u - a +2 pair of boots of rampaging (worn)
Jewellery
 b - a +4 ring of protection (left hand)
 n - an amulet of faith (around neck)
Wands
 c - a wand of flame (8) (quivered)
 d - a wand of charming (15)
Scrolls
 f - a scroll of amnesia {unknown}
 i - 3 scrolls of identify {unknown}
 j - a scroll of fear {unknown}
 m - a scroll of enchant weapon {unknown}
 t - a scroll of vulnerability {unknown}
 x - a scroll of noise {unknown}
 y - a scroll of blinking {unknown}
Potions
 a - a potion of magic {unknown}
 g - 2 potions of attraction {unknown}
 h - a potion of invisibility {unknown}
 k - 2 potions of curing
 l - a potion of mutation {unknown}
 o - a potion of heal wounds {unknown}
 r - a potion of lignification {unknown}
Miscellaneous
 e - a piece from Xom's chessboard (15/15)


   Skills:
 + Level 5.9 Fighting
 + Level 5.3 Maces & Flails
 - Level 1.7 Armour
 - Level 0.8 Dodging
 - Level 0.8 Stealth
 - Level 3.0 Evocations


You had 6 spell levels left.
You didn't know any spells.
Your spell library contained the following spells:

 Spells                   Type           Power      Damage    Failure   Level
 Beastly Appendage        Tmut           0%         N/A       100%        1
 Corona                   Hex            0%         N/A       100%        1
 Magic Dart               Conj           0%         1d3       100%        1
 Blink                    Tloc           N/A        N/A       100%        2
 Call Imp                 Summ           0%         N/A       100%        2
 Slow                     Hex            0%         N/A       100%        2
 Wereblood                Tmut           0%         N/A       100%        2
 Conjure Flame            Conj/Fire      0%         6-21      100%        3
 Inner Flame              Hex/Fire       0%         N/A       100%        3
 Mephitic Cloud           Conj/Pois/Air  0%         N/A       100%        3
 Portal Projectile        Hex/Tloc       0%         N/A       100%        3
 Spider Form              Tmut/Pois      0%         N/A       100%        3
 Cause Fear               Hex            0%         N/A       100%        4
 Ice Form                 Ice/Tmut       0%         N/A       100%        4
 Leda's Liquefaction      Hex/Erth       0%         N/A       100%        4
 Hydra Form               Tmut           0%         N/A       100%        5


Dungeon Overview and Level Annotations

Branches:
Dungeon (4/15)
 Temple: D:4-7

Altars:

Shops:
D:1 (   D:2 (


Innate Abilities, Weirdness & Mutations

You have a pair of small antennae on your head.
You are mostly covered in thin metallic scales. (AC +3)


Message History

The kobold brigand hits you but does no damage.
The kobold brigand hits you with a +0 club.
The kobold brigand hits you with a +0 club.
The kobold brigand barely misses you.
You closely miss the kobold brigand.
The kobold brigand is heavily wounded.
The kobold brigand hits you but does no damage. x2
You hit the kobold brigand.
Lightning courses through the kobold brigand!
You kill the kobold brigand!
The kobold brigand throws a curare-tipped dart.
The curare-tipped dart hits you.
You are poisoned.
You have difficulty breathing.
* * * LOW HITPOINT WARNING * * *
You feel yourself slow down.
You feel very sick.
The kobold brigand throws a curare-tipped dart.
The curare-tipped dart hits you.
You are lethally poisoned!
You have difficulty breathing.
* * * LOW HITPOINT WARNING * * *
You feel as though you will be slow longer.
It was a potion of curing.
You feel better.
The kobold brigand throws a curare-tipped dart.
The curare-tipped dart closely misses you.
The kobold brigand throws a curare-tipped dart.
The curare-tipped dart barely misses you.
The kobold brigand throws a curare-tipped dart.
The curare-tipped dart hits you.
You are lethally poisoned!
You have difficulty breathing.
* * * LOW HITPOINT WARNING * * *
You feel as though you will be slow longer.
You feel better.
The kobold brigand throws a curare-tipped dart.
The curare-tipped dart hits you.
You are lethally poisoned!
You have difficulty breathing.
You die...

################### #############
............#...... #....#......)
............'...... #....#......)
............#########....########
.########...)K.....#......#......
.# #.(.....@..'....)))(.....
.########..........#......#......
............#########...)########
(...........).).....#....# .K.K{K
............#.......#....# .KO.K.
######################''#########
≈≈≈≈≈≈≈≈≈≈≈≈≈≈≈≈≈≈≈≈......≈≈≈≈≈≈≈
≈≈≈≈≈≈≈≈≈≈≈≈≈≈≈≈≈≈≈≈≈..(.≈≈≈≈≈≈≈≈
≈≈≈≈≈≈≈≈≈≈≈≈≈≈≈≈≈≈≈≈≈.)...≈≈≈≈≈≈≈


You could see a kobold brigand.

Vanquished Creatures
  Sigmund (D:3)
  An ogre (D:4)
  A centaur (D:4)
  2 kobold brigands (D:4)
  An orc priest (D:4)
  Terence (D:2)
  An orc wizard (D:4)
  7 gnolls
  5 adders
  2 worms
  2 dart slugs
  10 orcs
  2 bats
  4 endoplasms
  3 giant cockroaches
  9 goblins
  8 hobgoblins
  4 jackals (D:3)
  A quokka (D:1)
  10 ball pythons
  3 frilled lizards
  38 kobolds
  5 rats
121 creatures vanquished.

Vanquished Creatures (others)
  A fungus (D:2)
  4 plants
5 creatures vanquished.

Grand Total: 126 creatures vanquished

Notes
Turn   | Place    | Note
-------+----------+-------------------------------------------
     0 | D:1      | siradein the Demonspawn Artificer began the quest for the
                  | Orb.
     0 | D:1      | Reached XP level 1. HP: 15/15 MP: 1/1
   493 | D:1      | Gained mutation: You are partially covered in thin metallic
                  | scales. (AC +2) [demonic ancestry]
   493 | D:1      | Reached XP level 2. HP: 19/21 MP: 2/2
   592 | D:1      | Reached skill level 1 in Maces & Flails
   935 | D:1      | Found Bitet's Antique Weapon Emporium.
  1630 | D:2      | Reached XP level 3. HP: 24/27 MP: 3/3
  2486 | D:2      | Noticed Terence
  2494 | D:2      | Killed Terence
  2704 | D:2      | Found Galiuqir's Antique Weapon Emporium.
  2956 | D:2      | Found a faded altar of an unknown god.
  3077 | D:3      | Reached XP level 4. HP: 34/34 MP: 4/4
  3427 | D:3      | Noticed Sigmund
  3455 | D:3      | Killed Sigmund
  3456 | D:3      | Reached XP level 5. HP: 23/42 MP: 5/5
  3935 | D:3      | Gained mutation: You are mostly covered in thin metallic
                  | scales. (AC +3) [demonic ancestry]
  3935 | D:3      | Reached XP level 6. HP: 47/48 MP: 6/6
  5770 | D:3      | Reached skill level 5 in Fighting
  5929 | D:4      | Gained mutation: You have a pair of small antennae on your
                  | head. [demonic ancestry]
  5929 | D:4      | Reached XP level 7. HP: 30/56 MP: 7/7
  6698 | D:4      | Reached skill level 5 in Maces & Flails
  6777 | D:4      | HP: 2/57 [poisoned by a gnoll]
  7444 | D:4      | HP: 2/57 [asphyx]
  7445 | D:4      | Asphyxiated

Illustrated notes

Levels and vault maps discovered:
D:1:      dpeg_arrival_line_fractal, layout_loops_ring, serial_shops,
          nicolae_shop_overgrown_old_shop, minmay_misc_feat_iff
D:2:      layout_loops_ring, serial_rivers, chequers_serial_rivers_small_b,
          chequers_serial_rivers_small_3, chequers_serial_rivers_large_b,
          chequers_serial_rivers_micro_a, chequers_serial_rivers_small_a,
          chequers_serial_rivers_micro_b, serial_shops, shop,
          shapermc_ecumenical_altar_mp_ritualfount, uniq_terence
D:3:      layout_loops_corners, st_stairs_3, minmay_liquid_box, uniq_sigmund
D:4:      minmay_goblin_kobold_castle, layout_loops_ring,
          uniq_crazy_yiuf_cottage

Skill      XL: |  1  2  3  4  5  6  7 |
---------------+----------------------+-----
Maces & Flails | 1 2 3 4 5 |  5.3
Fighting       | 2 4 5 |  5.9
Armour         | |  1.7
Dodging        | |  0.8
Stealth        | |  0.8
Evocations     | |  3.0

Action                   |  1- 3 |  4- 6 |  7- 9 || total
-------------------------+-------+-------+-------++-------
Melee: Club              |   197 |     8 |       ||   205
       Short sword       |       |   106 |       ||   106
       Whip              |       |    57 |   103 ||   160
       Flail             |       |     6 |       ||     6
Evoke: Wand              |     7 |       |       ||     7
  Use: Potion            |       |       |     2 ||     2
 Stab: Sleeping          |     2 |       |       ||     2
Armor: Leather armour    |    40 |       |       ||    40
       Ring mail         |    23 |       |       ||    23
       Scale mail        |    11 |    25 |       ||    36
       Chain mail        |       |   107 |    75 ||   182
Dodge: Dodged            |   129 |    52 |    34 ||   215

Table legend: (Time is in decaauts)
 A = Elapsed time spent in this place.
 B = Non-inter-level travel time spent in this place.
 C = Inter-level travel time spent in this place.
 D = Time resting spent in this place.
 E = Time spent auto-exploring this place.
 F = Levels seen in this place.
 G = Mean time per level.
                   A        B        C        D        E       F      G
               +--------+--------+--------+--------+--------+-----+--------+
         Total |   7531 |   7426 |    105 |   1052 |   5112 |   4 | 1882.8 |
       Dungeon |   7531 |   7426 |    105 |   1052 |   5112 |   4 | 1882.8 |
               +--------+--------+--------+--------+--------+-----+--------+

Top non-repeatable levels by time:
     D:3: 2365 daAuts
     D:4: 2016 daAuts
     D:2: 1780 daAuts
     D:1: 1369 daAuts
